 Dungeon Crawl Stone Soup version 0.17.2-1-ge4368a0 (webtiles) character file.

99 Goblin1989 the Cudgeler (level 4, -3/35 HPs)
             Began as a Demonspawn Fighter on Oct 16, 2016.
             Was an Initiate of Makhleb.
             Slain by an orc wizard
             ... wielding a +0 dagger
              (5 damage)
             ... on level 3 of the Dungeon on Oct 17, 2016.
             The game lasted 00:05:09 (1860 turns).

Goblin1989 the Cudgeler (Demonspawn Fighter)        Turns: 1860, Time: 00:05:09

Health: -3/35      AC:  6    Str: 18    XL:     4   Next: 45%
Magic:  4/4        EV:  7    Int:  9    God:    Makhleb [......]
Gold:   106        SH:  8    Dex: 12    Spells: 0 memorised, 3 levels left

rFire  . . .     SeeInvis .     a - +0 flail
rCold  . . .     Clarity  .     b - +0 scale mail
rNeg   . . .     SustAt   .     c - +0 shield
rPois  .         Gourm    .     (no helmet)
rElec  .         Spirit   .     (no cloak)
rCorr  .         Warding  .     (no gloves)
rMut   .         Stasis   .     (no boots)
MR     .....                    (no amulet)
Stlth  ..........               (no ring)
                                (no ring)

@: not resistant to hostile enchantments, extremely unstealthy
A: hooves 1, demonic guardian 1
a: Renounce Religion


You were on level 3 of the Dungeon.
You worshipped Makhleb.
Makhleb was noncommittal.
You were not hungry.

You visited 1 branch of the dungeon, and saw 3 of its levels.

You collected 106 gold pieces.

Inventory:

Hand Weapons
 a - a +0 flail (weapon)
Armour
 b - a +0 scale mail (worn)
 c - a +0 shield (worn)
Scrolls
 g - a scroll of remove curse {unknown}
 h - 2 scrolls of identify {unknown}
 i - 4 scrolls of teleportation {unknown}
 j - a scroll of magic mapping {unknown}
 m - a scroll of immolation {unknown}
Potions
 d - 2 potions of might
 f - 3 potions of haste {unknown}
 k - 2 potions of lignification {unknown}
 l - a potion of resistance
 n - a potion of heal wounds {unknown}
 p - a potion of cancellation {unknown}
Comestibles
 e - 3 bread rations {@e1}
 o - a meat ration {@e2}


   Skills:
 - Level 3.0 Fighting
 + Level 4.2 Maces & Flails
 - Level 2.7 Armour
 - Level 2.6 Shields


You had 3 spell levels left.
You didn't know any spells.

Dungeon Overview and Level Annotations

Branches:
Dungeon (3/15)

Altars:
Makhleb


Innate Abilities, Weirdness & Mutations

You have large cloven feet.
A weak demonic guardian rushes to your aid.


Message History

Your crimson imp hits something.
You sock the orc!
You kill the orc!
Makhleb accepts your kill.
You hear some strange, mumbled words.
A puff of frost appears from out of thin air!
The puff of frost hits you!
Your crimson imp closely misses something.
You take 4 damage, and have 13/35 hp.
You hit the giant newt.
You kill the giant newt!
Makhleb accepts your kill.
Your crimson imp disappears in a puff of smoke!
You hear some strange, mumbled words.
A puff of flame appears from out of thin air!
The puff of flame hits you!
* * * LOW HITPOINT WARNING * * *
You take 11 damage, and have 2/35 hp.
MASSIVE DAMAGE!!
You sock something! You kick something. Something hits you.
You die...

.███.█..
...█...
█..█.. █....
█...█
██...███.█
█..<.....█
█...████..█
█.█@█ ...█[█
█...§))....█
█...███.....█
█.█ ......█
... .......
.......
.....█.
....██


There were no monsters in sight!

Vanquished Creatures
  A hound (D:2)
  Ijyb (D:2)
  An adder (D:2)
  A worm (D:2)
  4 orcs (D:3)
  8 bats
  3 goblins (D:2)
  2 hobgoblins
  9 kobolds
  A giant newt (D:3)
  6 rats
37 creatures vanquished.

Notes
Turn   | Place    | Note
--------------------------------------------------------------
     0 | D:1      | Goblin1989 the Demonspawn Fighter began the quest for the Orb.
     0 | D:1      | Reached XP level 1. HP: 18/18 MP: 1/1
   437 | D:1      | Gained mutation: You have large cloven feet. [demonic ancestry]
   437 | D:1      | Reached XP level 2. HP: 24/24 MP: 2/2
   630 | D:1      | You fall through a shaft!
   993 | D:2      | Gained mutation: A weak demonic guardian rushes to your aid. [demonic ancestry]
   993 | D:2      | Reached XP level 3. HP: 24/29 MP: 3/3
  1439 | D:2      | Found a burning altar of Makhleb.
  1458 | D:2      | Became a worshipper of Makhleb the Destroyer
  1698 | D:2      | Noticed Ijyb
  1736 | D:2      | Killed Ijyb
  1736 | D:2      | Reached skill level 4 in Maces & Flails
  1736 | D:2      | Reached XP level 4. HP: 32/35 MP: 4/4
  1860 | D:3      | Slain by an orc wizard

Action                   |  1- 3 |  4- 6 || total
-------------------------+-------+-------++-------
Melee: Flail             |   144 |    20 ||   164
 Stab: Distracted        |       |     1 ||     1
  Eat: Chunk             |     3 |       ||     3

Vault maps used:
D:1:      onia_arrival_pyramid, serial_forest, infiniplex_forest_clump_small,
          infiniplex_forest_corner_1, infiniplex_forest_clump_curved,
          infiniplex_forest_fountain, infiniplex_forest_straight_2,
          infiniplex_forest_lined_3, infiniplex_forest_zigzag_1
D:2:      serial_bayou_ford_a, grunt_decor_mini_mirrors,
          makhleb_blood_cavern_becter, uniq_iyjb
D:3:      lemuel_round_altar, kennysheep_cross_room
